 Dungeon Crawl Stone Soup version 0.22.1-2-g9c5b331 (webtiles) character file.

84 Fang the Skirmisher (level 4, 0/43 HPs)
             Began as a Gargoyle Berserker on Dec 17, 2018.
             Was a Believer of Trog.
             Slain by Terence
             ... wielding a +0 trident
              (8 damage)
             ... on level 3 of the Dungeon.
             The game lasted 00:03:51 (2375 turns).

Fang the Skirmisher (Gargoyle Berserker)            Turns: 2375, Time: 00:03:52

Health: 0/43       AC:  5    Str: 24    XL:     4   Next: 45%
Magic:  4/4        EV: 12    Int:  8    God:    Trog [**....]
Gold:   68         SH:  0    Dex:  9    Spells: 3/3 levels left

rFire    . . .     SeeInvis .   a - +0 hand axe
rCold    . . .     Gourm    .   (no shield)
rNeg     + . .     Faith    .   b - +0 animal skin
rPois    ∞         Spirit   .   (no helmet)
rElec    +         Reflect  .   (no cloak)
rCorr    .         Harm     .   (no gloves)
MR       .....                  (no boots)
Stlth    ..........             (no amulet)
HPRegen  0.14/turn              (no ring)
MPRegen  0.09/turn              e - -2 ring of strength (curse)

@: berserking (expiring), very quick
A: negative energy resistance 1, electricity resistance, unbreathing,
petrification resistance, rot immunity, AC +3
a: Berserk, Trog's Hand, Renounce Religion


You were on level 3 of the Dungeon.
You worshipped Trog.
Trog was pleased with you.
You were very hungry.

You visited 1 branch of the dungeon, and saw 3 of its levels.

You collected 68 gold pieces.

Inventory:

Hand Weapons
 a - a +0 hand axe (weapon)
Armour
 b - a +0 animal skin (worn)
Jewellery
 e - a cursed -2 ring of strength (right hand)
Wands
 i - a wand of enslavement (13)
 m - a wand of random effects (24)
Scrolls
 d - 2 scrolls of identify {unknown}
 g - a scroll of teleportation {unknown}
 h - a scroll of fog {unknown}
 k - a scroll of amnesia {unknown}
Potions
 f - 2 potions of agility {unknown}
 j - a potion of might {unknown}
Comestibles
 c - 5 rations


   Skills:
 + Level 4.0 Fighting
 + Level 3.5 Axes
 + Level 2.3 Armour
 + Level 2.3 Dodging
 + Level 0.7 Stealth


You had 3 spell levels left.
You didn't know any spells.
Your spell library was empty.

Dungeon Overview and Level Annotations

Branches:
Dungeon (3/15)

Altars:
Xom

Annotations:
D:3 Terence


Innate Abilities, Weirdness & Mutations

You are resistant to torment.
Your stone body is resilient. (AC +3)
You are immune to poison.
You resist negative energy. (rN+)
You are resistant to electric shocks. (rElec)
You can survive without breathing.
You are immune to petrification.
You are immune to rotting.


Message History

The adder bites you but does no damage.
Unknown command.
You hit the adder.
You kill the adder!
Trog accepts your kill.
You barely miss the adder. Terence completely misses you.
Unknown command.
The adder closely misses you. Terence hits you with a trident.
* * * LOW HITPOINT WARNING * * *
Found a scroll labeled BELUAH BAUF.
You see here an adder corpse.
You feel a strong urge to attack something.
The adder barely misses you.
You slash Terence!
Terence is severely wounded.
You slash the adder!
You kill the adder!
Trog accepts your kill. Terence hits you with a trident!
You die...

#.##...... #.#......
........ ## .......
... #..?.## #### ....
####..... ..# .....
...!...@#####.#......
#@†.)..<.......
#.)############ #....
#..### ...# .#.##
..#.. .. #.#


You could see Terence.

Vanquished Creatures
  3 adders
  An ooze (D:2)
  A worm (D:2)
  4 giant cockroaches (D:1)
  6 goblins
  4 hobgoblins
  10 jackals
  3 kobolds (D:1)
  2 ball pythons
  5 bats
  3 frilled lizards (D:2)
  5 rats
47 creatures vanquished.

Notes
Turn   | Place    | Note
-------+----------+-------------------------------------------
     0 | D:1      | Fang the Gargoyle Berserker began the quest for the Orb.
     0 | D:1      | Reached XP level 1. HP: 14/14 MP: 1/1
   143 | D:1      | Reached XP level 2. HP: 16/19 MP: 2/2
   900 | D:1      | Reached XP level 3. HP: 23/24 MP: 3/3
   940 | D:1      | Reached ** piety under Trog
  1422 | D:2      | Found a shimmering altar of Xom.
  2073 | D:2      | Reached XP level 4. HP: 27/29 MP: 4/4
  2357 | D:3      | Noticed Terence
  2359 | D:3      | Reached skill level 4 in Fighting
  2375 | D:3      | Slain by Terence

Skill      XL: |  1  2  3  4 |
---------------+-------------+-----
Axes           | 3 |  3.5
Dodging        | 2 |  2.3
Fighting       | 4 |  4.0
Armour         | |  2.3
Stealth        | |  0.7

Action                   |  1- 3 |  4- 6 || total
-------------------------+-------+-------++-------
Melee: Hand axe          |   123 |    23 ||   146
Invok: Berserk           |     1 |     1 ||     2
  Eat: Chunk             |     4 |     1 ||     5
Armor: Animal skin       |    43 |    17 ||    60
Dodge: Dodged            |   117 |    36 ||   153
